 Dungeon Crawl Stone Soup version 0.24.0-13-gcf9b319 (webtiles) character file.

Game seed: 17914519036281925785, levelgen mode: deterministic

121 Bronimir the Chopper (level 4, -3/37 HPs)
             Began as a Centaur Gladiator on Apr 8, 2020.
             Shot with an arrow by a centaur (10 damage)
             ... on level 3 of the Dungeon.
             The game lasted 00:05:00 (2047 turns).

Bronimir the Chopper (Centaur Gladiator)            Turns: 2047, Time: 00:05:01

Health: -3/37      AC:  5    Str: 17    XL:     4   Next: 76%
Magic:  4/4        EV:  9    Int: 12    God:
Gold:   131        SH:  3    Dex: 11    Spells: 3/3 levels left

rFire    . . .     SeeInvis .   a - +0 war axe
rCold    . . .     Gourm    .   k - +0 buckler
rNeg     . . .     Faith    .   b - +0 leather armour
rPois    .         Spirit   .   c - +0 helmet
rElec    .         Reflect  .   (no cloak)
rCorr    .         Harm     .   (no gloves)
MR       .....                  (no barding)
Stlth    +.........             (no amulet)
HPRegen  0.12/turn              (no ring)
MPRegen  0.09/turn              (no ring)

@: brilliant, very quick
A: large, hooves 3, deformed body, speed 2, tough skin 3
a: no special abilities


You were on level 3 of the Dungeon.
You were very hungry.

You visited 1 branch of the dungeon, and saw 3 of its levels.

You collected 131 gold pieces.

Inventory:

Hand Weapons
 a - a +0 war axe (weapon)
Missiles
 d - 3 throwing nets (quivered)
 h - 20 sling bullets
 i - 100 stones
 m - 5 boomerangs of dispersal
 r - 39 arrows
 u - 12 poisoned darts
Armour
 b - a +0 leather armour (worn)
 c - a +0 helmet (worn)
 k - a +0 buckler (worn)
Wands
 s - a wand of paralysis (9)
Scrolls
 e - 3 scrolls of identify {unknown}
 j - 3 scrolls of remove curse {unknown}
 n - a scroll of fear {unknown}
 o - a scroll of blinking {unknown}
 p - 2 scrolls of immolation {unknown}
Potions
 l - a potion of flight {unknown}
 q - a potion of haste {unknown}
 t - a potion of lignification {unknown}
 v - 2 potions of cancellation {unknown}
Comestibles
 f - 3 rations


   Skills:
 * Level 2.6 Fighting
 * Level 3.9 Axes
 + Level 2.3 Throwing
 * Level 1.0 Armour
 + Level 2.5 Dodging
 * Level 0.5 Shields


You had 3 spell levels left.
You didn't know any spells.
Your spell library was empty.

Dungeon Overview and Level Annotations

Branches:
Dungeon (3/15)

Altars:
Makhleb


Innate Abilities, Weirdness & Mutations

You have hooves in place of feet.
Armour fits poorly on your strangely shaped body.
You cover ground very quickly.
You have extremely tough skin. (AC +3)


Message History

Jessica hits you but does no damage. Jessica misses you.
The centaur shouts!
You slash Jessica!
You kill Jessica!
Your Armour skill increases to level 1!
The centaur wields a +0 shortbow.
The centaur shoots an arrow.
The arrow closely misses you. The hound bites you.
You closely miss the hound. The hound bites you but does no damage.
The centaur shoots an arrow.
The arrow hits you! The hound bites you.
You barely miss the hound. You kick the hound.
The hound is moderately wounded.
The centaur shoots an arrow.
The arrow closely misses you. You block the hound's attack.
The centaur shoots an arrow.
The arrow hits you!
* * * LOW HITPOINT WARNING * * *
The hound bites you.
* * * LOW HITPOINT WARNING * * *
It was a potion of brilliance.
You feel clever all of a sudden.
The centaur shoots an arrow.
The arrow hits you!
You die...

.####............+........
.................#........
...##....#######..........
....#....# #............
........## ####..........#
........# #∩#.#..........+
........# ._..#..........#
........##h..##..........#
......(..@...c...###.....+
................. #....
.................
..#..............
..##########..... .....
.... ....


You could see a centaur and a hound.

Vanquished Creatures
  An orc priest (D:3)
  Jessica (D:3)
  An adder (D:2)
  3 dart slugs
  A leopard gecko (D:2)
  2 orcs (D:3)
  9 bats
  A giant cockroach (D:2)
  4 goblins
  3 hobgoblins
  A quokka (D:2)
  A ball python (D:1)
  6 frilled lizards
  9 kobolds
  7 rats
50 creatures vanquished.

Notes
Turn   | Place    | Note
-------+----------+-------------------------------------------
     0 | D:1      | Bronimir the Centaur Gladiator began the quest for the Orb.
     0 | D:1      | Reached XP level 1. HP: 17/17 MP: 1/1
    89 | D:1      | Reached XP level 2. HP: 23/24 MP: 2/2
   312 | D:1      | Reached skill level 3 in Axes
   557 | D:1      | Reached XP level 3. HP: 28/29 MP: 3/3
  1757 | D:3      | Reached XP level 4. HP: 7/37 MP: 4/4
  2040 | D:3      | Noticed Jessica
  2041 | D:3      | Found a burning altar of Makhleb.
  2043 | D:3      | Noticed a centaur
  2044 | D:3      | Killed Jessica
  2044 | D:3      | Reached skill level 1 in Armour
  2047 | D:3      | Shot with an arrow by a centaur

Levels and vault maps discovered:
D:1:      psy_arrival_terrarium, layout_basic, corexii_corridor_pit,
          st_stairs_4, minmay_3d_cube
D:2:      layout_basic
D:3:      layout_basic, makhleb_heckhound_becter, elyvilon_altar_5, uniq_ijyb,
          uniq_jessica

Skill      XL: |  1  2  3  4 |
---------------+-------------+-----
Axes           | 3 |  3.9
Armour         | 1 |  1.0
Fighting       | |  2.6
Throwing       | |  2.3
Dodging        | |  2.5
Shields        | |  0.5

Action                   |  1- 3 |  4- 6 || total
-------------------------+-------+-------++-------
Melee: War axe           |   118 |     5 ||   123
       Kick              |    19 |     2 ||    21
  Use: Potion            |       |     1 ||     1
  Eat: Chunk             |     1 |       ||     1
Armor: Leather armour    |    67 |     2 ||    69
Dodge: Dodged            |    73 |     3 ||    76
Block: Buckler           |    13 |     2 ||    15
